 Dungeon Crawl Stone Soup version 0.30-a0-1016-gfb0d676c02 (webtiles) character file.

Game seed: 6537357795450963557

1815641 patfeehan111222 the Minotaur Barricade (level 27, 149/245 HPs)
             Began as a Minotaur Berserker on Apr 6, 2023.
             Was a High Priest of Trog.
             Escaped with the Orb
             ... and 4 runes!
             The game lasted 04:01:23 (121971 turns).

patfeehan111222 the Minotaur Barricade (MiBe)     Turns: 121971, Time: 04:01:24

Health: 149/245    AC: 36    Str: 37      XL:     27
Magic:  6/6        EV: 23    Int:  1 (3)  God:    Trog [*****.]
Gold:   4919       SH: 40    Dex: 15      Spells: 26/26 levels left

rFire   + + +      SeeInvis +    F - +9 broad axe (heavy)
rCold   + + .      Faith    .    Q - +10 tower shield of Ignorance {rN+ Int-4}
rNeg    + + .      Spirit   .    d - +10 plate armour of the Enfolding Gods {rElec}
rPois   +          Reflect  +    j - +0 hat of Undesirable Species {rF++}
rElec   +          Rampage  .    v - +1 cloak of Starlight {*Dazzle EV+4 Stlth--}
rCorr   .          Rnd*Tele +    J - +0 pair of gloves "Kuwayl" {Harm rC+ Dex+3 Stlth-}
Will    ++...      Harm     + .  f - +2 pair of boots "Ludenut" {rF+ rN+ MP-9 Dex+3} Stlth Rage 3%
                                 g - amulet "Kulut" {Reflect rPois Int+3 SH+5}
HPRegen 0.60/turn                y - ring "Bunguesa" {Fly rPois rC+ SInv Stlth+}
MPRegen 0.10/turn                G - +6 ring of strength

@: flying, studying 2 skills
A: horns 2, retaliatory headbutt, berserk 1, clumsy 1, deformed body,
deterioration 2, dopey 2, frail 1, low MP 3, screaming 1, teleportitis 1, no
potion heal 2, subdued magic 1, inability to drink after injury 2, inability to
read after injury 1, devolution 1
0: Orb of Zot
}: 4/15 runes: serpentine, barnacled, slimy, silver
a: Renounce Religion, Berserk, Trog's Hand, Brothers in Arms


You escaped.
You worshipped Trog.
Trog was extremely pleased with you.
You visited 15 branches of the dungeon, and saw 61 of its levels.
You visited the Abyss 2 times.
You visited 1 ziggurat, and saw 10 of its levels.
You also visited: Sewer and Ossuary.

You collected 9032 gold pieces.
You spent 4113 gold pieces at shops.

Inventory:

Hand Weapons
 c - the +10 long sword "Ycsoass" {flame, Fragile rC+ Str+6 Int+2}
   (You found it on level 2 of the Realm of Zot)

   Str:       It affects your strength (+6).
   Int:       It affects your intelligence (+2).
   rC:        It protects you from cold.
   Fragile:   It will be destroyed if unequipped.
 F - a +9 heavy broad axe (weapon)
Missiles
 l - a throwing net
 n - 10 silver javelins
 N - 34 boomerangs
Armour
 d - the +10 plate armour of the Enfolding Gods (worn) {rElec}
   (You took it off a deep elf high priest on level 5 of the Vaults)

   rElec:     It insulates you from electricity.
 f - the +2 pair of boots "Ludenut" (worn) {rF+ rN+ MP-9 Dex+3}
   (You found it on level 5 of the Lair of Beasts)

   Dex:       It affects your dexterity (+3).
   rF:        It protects you from fire.
   rN:        It protects you from negative energy.
   MP:        It affects your magic capacity (-9).
 j - the +0 hat of Undesirable Species (worn) {rF++}
   (You acquired it on level 2 of the Elven Halls)

   rF:        It greatly protects you from fire.
 p - the +5 hat of Dezugh {Rampage Str+4 Stlth+}
   (You found it on level 2 of the Realm of Zot)

   Str:       It affects your strength (+4).
   Rampage:   It bestows one free step when moving towards enemies.
   Stlth:     It makes you more stealthy.
 v - the +1 cloak of Starlight (worn) {*Dazzle EV+4 Stlth--}
   (You found it on level 7 of a ziggurat)

   *Dazzle:   It may blind those who miss an attack against the wearer in melee
   combat.
   EV:        It affects your evasion (+4).
   Stlth:     It makes you much less stealthy.
 J - the +0 pair of gloves "Kuwayl" (worn) {Harm rC+ Dex+3 Stlth-}
   (You bought it in a shop on level 3 of the Dungeon)

   Dex:       It affects your dexterity (+3).
   rC:        It protects you from cold.
   Harm:      It increases damage dealt and taken.
   Stlth:     It makes you less stealthy.
 Q - the +10 tower shield of Ignorance (worn) {rN+ Int-4}
   (You found it on level 5 of the Lair of Beasts)

   Int:       It affects your intelligence (-4).
   rN:        It protects you from negative energy.
Jewellery
 g - the amulet "Kulut" (around neck) {Reflect rPois Int+3 SH+5}
   (You took it off a naga mage on level 1 of the Snake Pit)

   [amulet of reflection]

   It reflects blocked missile attacks.
   Int:       It affects your intelligence (+3).
   rPois:     It protects you from poison.
   SH:        It affects your SH (+5).
 y - the ring "Bunguesa" (left hand) {Fly rPois rC+ SInv Stlth+}
   (You bought it in a shop on level 3 of the Dungeon)

   [ring of poison resistance]

   rC:        It protects you from cold.
   rPois:     It protects you from poison.
   SInv:      It lets you see invisible.
   Fly:       It grants you flight.
   Stlth:     It makes you more stealthy.
 G - a +6 ring of strength (right hand)
 H - a +6 ring of dexterity
 I - a ring of willpower
Wands
 R - a wand of digging (9) (quivered)
 X - a wand of charming (13)
Scrolls
 a - 4 scrolls of silence
 t - 30 scrolls of teleportation
 u - a scroll of blinking
 x - 12 scrolls of fog
 z - 4 scrolls of summoning
 D - 4 scrolls of magic mapping
 E - 17 scrolls of fear
 S - a scroll of poison
 U - 3 scrolls of enchant weapon
 Y - 4 scrolls of enchant armour
Potions
 b - 13 potions of might
 e - a potion of heal wounds
 h - 5 potions of berserk rage
 i - 6 potions of invisibility
 k - a potion of haste
 o - 5 potions of ambrosia
 q - 3 potions of resistance
 r - 5 potions of cancellation
 C - 9 potions of curing
 P - 2 potions of flight
Miscellaneous
 m - a phial of floods
 s - a piece from Xom's chessboard (15/15)
 w - a tin of tremorstones (2/2)
 A - a box of beasts
 B - a condenser vane
 K - the horn of Geryon (inert)
 M - a lightning rod (4/4)
 O - a phantom mirror


   Skills:
 O Level 27 Fighting
 O Level 27 Axes
 + Level 12.3 Throwing
 O Level 27 Armour
 + Level 19.5 Dodging
 + Level 12.0 Stealth
 O Level 27 Shields
 + Level 22.8 Evocations


You had 26 spell levels left.
You didn't know any spells.
Your spell library was empty.

Dungeon Overview and Level Annotations

Branches:
Dungeon (15/15)            Temple (0/1) D:5            Lair (5/5) D:11
 Shoals (4/4) Lair:3        Snake (4/4) Lair:2        Slime (5/5) Lair:5
    Orc (2/2) D:10            Elf (3/3) Orc:2        Vaults (5/5) D:14
  Crypt (3/3) Vaults:2       Tomb (1/3) Crypt:3      Depths (4/4) D:15
   Hell (visited)             Dis (0/7) Hell            Geh (0/7) Hell
    Coc (1/7) Hell            Tar (3/7) Hell            Zot (5/5) Depths:4
  Sewer (visited)         Ossuary (visited)

Altars:
Gozag
Sif Muna
Uskayaw
Vehumet
Xom
Zin
The Shining One
Jiyva
Lugonu

Shops:
D:1 *   D:3 [=   D:11 *   Orc:1 (   Orc:2 *[(=   Elf:1 (   Shoals:2 ((
Shoals:3 ?   Shoals:4 :   Snake:3 ?[[*   Vaults:3 [?(:[   Vaults:4 *
Vaults:5 :   Depths:2 (

Portals:
Hell: Depths:1 Depths:2 Depths:3 Depths:4
Abyss: Lair:5 Depths:3
Pandemonium: Depths:2


Innate Abilities, Weirdness & Mutations

You have a pair of horns on your head.
You reflexively headbutt those who attack you in melee.
You sometimes lose your temper in combat.
You are clumsy. (Dex -2)
Armour fits poorly on your strangely shaped body.
Your body often deteriorates upon taking damage.
You are very dopey. (Int -4)
You are frail. (-10% HP)
Your magical capacity is extremely low. (-30% MP)
You occasionally shout uncontrollably at your foes.
You are occasionally teleported next to monsters.
Potions cannot restore your health.
Your spells are a little easier to cast, but a little less powerful.
You sometimes lose the ability to drink potions when taking damage.
You occasionally lose the ability to read scrolls when taking damage.
You have hidden genetic defects.


Message History

Okay, then.
You carve the Hell Sentinel like a ham!!!!
You kill the Hell Sentinel!
Trog accepts your kill.
You feel your intelligence returning.
You cannot be healed by potions.
Aiming: Dig
Press: ? - help, Q - select action, (/) - cycle Shift-Dir - straight line You can't see that place. [the floor.]
The rock shatters into small pieces.
Unknown command.
Aiming: Dig
Press: ? - help, Q - select action, (/) - cycle Shift-Dir - straight line This square is covered in magical glow.
The rock shatters into small pieces.
There is a stone staircase leading up here.
You fly upwards.
There is a stone staircase leading down here.
Your intelligence has recovered.
You feel yourself speed up.
A shadow demon comes into view.
Aiming: Dig
Press: ? - help, Q - select action, (/) - cycle Shift-Dir - straight line A rock wall.
This square is covered in magical glow.
The rock shatters into small pieces.
A hell beast comes into view.
The hell beast misses you. You block the hell beast's attack. x3
The shadow demon gestures.
You block the hell beast's attack. x2; The hell beast completely misses you.
You furiously retaliate!
You headbutt the hell beast! You block the hell beast's attack.
The hell beast attacks as you move away!
You block the hell beast's attack. x2
There is a staircase leading out of the dungeon here.
You block the hell beast's attack.
The hell beast tramples you but does no damage.
You block the hell beast's attack. x2
You have escaped!

######'###.......2...............
....##.# #####.#########.........
....##.# ####.#########.........
....##.# #...........##.........
....##.# #...........##.........
....##.# #...2.......##.........
....##.# #...........##..######.
.......####.....2g....##..######.
..........+.....@.....'..........
#......#.##...........###......>.
######.#.##...........# #######.#
######.#.##...........# #.#
.......#.##...........# #.#
########.##...........# #.#
.........############## #.#
########################## #.#
#.................# #.#


You could see a hell beast, a shadow demon and a hobgoblin (summoned).

Vanquished Creatures
  the Royal Jelly (Slime:5)
  3 dread liches
  Khufu (Crypt:3)
  2 ancient liches
  The ghost of Kawoqao the Minotaur Barricade, a legendary MiBe of Trog (Zot:2)
  2 juggernauts (Zig:6)
  10 orbs of fire
  The ghost of Zeaxzic Paph the Slayer, a veteran OgBe of Trog (Zot:2)
  4 royal mummies
  Xtahua (Vaults:5)
  5 Killer Klowns
  Saint Roka (Orc:2)
  3 curse toes
  2 caustic shrikes
  The ghost of Tollund the Eclecticist, a veteran DjFE of Ashenzari (Elf:3)
  Vashnia (Snake:2)
  A profane servitor (Tar:1)
  10 golden dragons
  A pandemonium lord (Zig:9)
  4 electric golems
  An iron giant (Zig:8)
  8 bone dragons
  3 Tzitzimimeh
  3 doom hounds
  A spectral shard shrike (Tar:3)
  14 tentacled monstrosities
  28 Orb Guardians
  4 walking crystal tomes
  Jorgrun (D:15)
  A Hell Sentinel (D:2)
  9 tainted leviathans
  3 deep elf blademasters (Elf:3)
  4 deep elf master archers (Elf:3)
  Asterion (Snake:4)
  7 titans
  21 acid blobs
  5 liches
  3 walking divine tomes
  10 quicksilver dragons
  3 krakens
  13 sphinxes
  2 tentacled starspawn
  14 death cobs
  5 ancient champions
  Frances (D:14)
  3 Executioners
  9 shadow dragons
  Kirke (D:14)
  12 storm dragons
  7 draconian monks
  4 revenants
  6 nagarajas
  5 tengu reavers
  4 rockslimes
  10 azure jellies
  A daeva (D:14)
  4 draconian knights
  7 frost giants
  10 fire giants
  4 deep elf sorcerers (Elf:3)
  7 narguns
  5 iron dragons
  Aizul (Snake:4)
  2 balrugs (Zig:7)
  16 vault wardens
  6 draconian scorchers
  3 ghost moths
  A shard shrike simulacrum (Crypt:3)
  9 spectral caustic shrikes
  9 draconian shifters
  2 deep elf elementalists (Elf:3)
  5 angels
  29 ironbound preservers
  A stone giant (shapeshifter) (Zig:2)
  A curse skull (Crypt:1)
  3 draconian stormcallers
  6 war gargoyles
  7 reapers
  4 draconian annihilators
  The ghost of GigaChad the Cleaver, a journeyman FoFi of Gozag (Lair:5)
  3 cacodemons
  2 ghouls
  19 stone giants
  4 orc warlords
  The ghost of Pixtaico the Unseen, an adept FeNe of Elyvilon (Vaults:4)
  A caustic shrike skeleton (Abyss:3)
  6 ironbound thunderhulks
  32 very ugly things
  5 quicksilver oozes
  8 green draconians
  6 vampire knights
  6 yellow draconians
  A demonspawn black sun (Zig:9)
  6 putrid mouths
  10 black draconians
  2 deep elf demonologists
  An eleionoma (shapeshifter) (Zig:4)
  2 lorocyprocas
  A spark wasp (shapeshifter) (Vaults:5)
  7 spark wasps
  4 deep elf annihilators
  15 white draconians
  A dire elephant (shapeshifter) (Vaults:5)
  7 purple draconians
  11 dire elephants
  4 red draconians
  A wendigo (Zig:5)
  2 green deaths (Zig:9)
  3 spectral quicksilver dragons
  An iron golem (Zig:8)
  Snorg (D:14)
  12 eidola
  4 merfolk javelineers (Shoals:4)
  12 ettins
  5 deep elf death magi
  4 jiangshi
  A crystal guardian (Vaults:3)
  7 mummy priests
  3 blizzard demons
  7 merfolk impalers
  9 fire dragons
  2 entropy weavers
  An ettin (shapeshifter) (Vaults:2)
  24 yaktaur captains
  A spriggan zombie (Crypt:2)
  10 ice dragons
  5 spectral spriggans
  2 fenstrider witch zombies
  7 rakshasas
  3 deep elf high priests
  11 great orbs of eyes
  A ghost crab (Zig:3)
  8 hydras
  5 salamander tyrants
  26 vault guards
  A hell beast (Depths:1)
  2 peacekeepers
  5 ogre magi
  3 spriggan air magi
  2 catoblepae (Lair:5)
  A catoblepas (shapeshifter) (Vaults:5)
  The ghost of Gardakan the Arsonist, a journeyman DEFE of Vehumet (Lair:2)
  3 centaur warriors
  Erica (Lair:1)
  15 ironbound frosthearts
  10 anacondas
  2 merfolk aquamancers (Shoals:4)
  2 alligator snapping turtles
  3 death knights
  A satyr (Shoals:3)
  36 dancing weapons
  11 two-headed ogres
  6 tengu warriors
  7 hell hogs
  21 death scarabs
  19 naga warriors
  6 boulder beetles
  A titan zombie (Abyss:1)
  3 spectral dire elephants
  21 death yaks
  9 deep troll earth magi
  3 thrashing horrors (Lair:5)
  6 deep troll shamans
  23 naga sharpshooters
  2 orc high priests
  4 spectral nagas
  5 spectral storm dragons (Crypt:3)
  10 vampire magi
  14 shock serpents
  3 spriggan berserkers
  A titan skeleton (Crypt:2)
  19 hell knights
  16 deep elf knights
  A shock serpent (shapeshifter) (Elf:2)
  A storm dragon zombie (Crypt:2)
  8 soul eaters
  Sonja (Orc:1)
  Nergalle (Lair:3)
  8 sun demons
  2 fire crabs (Zig:7)
  3 skysharks
  A goliath frog (Shoals:4)
  A wretched star (Abyss:1)
  10 shadow wraiths
  A spark wasp zombie (Crypt:3)
  A spectral bunyip (Tar:2)
  2 crystal echidnas (Zig:8)
  22 skeletal warriors
  A skyshark (shapeshifter) (D:15)
  7 iron trolls
  15 sea snakes
  A storm dragon skeleton (Crypt:1)
  4 sixfirhies
  8 salamander mystics
  An anaconda zombie (Hell)
  A death drake (shapeshifter) (Depths:2)
  13 flayed ghosts
  10 naga ritualists
  2 glowing orange brains
  95 deep trolls
  A sea snake (shapeshifter) (Depths:3)
  A spectral anaconda (Tar:3)
  A spectral iron dragon (Tar:2)
  3 orange crystal statues
  An anaconda skeleton (Crypt:1)
  20 harpies
  3 obsidian statues
  6 wizards
  6 deep elf archers
  14 phantasmal warriors
  3 spriggan simulacra
  12 ironbound convokers
  8 lindwurms (Vaults:1)
  12 orc knights
  A shadow dragon zombie (Crypt:2)
  A sphinx zombie (Vaults:1)
  A fenstrider witch simulacrum (Crypt:2)
  12 necromancers
  A goliath frog zombie (Crypt:1)
  19 deep elf pyromancers
  15 deep elf zephyrmancers
  60 ugly things
  22 mana vipers
  A will-o-the-wisp (Zig:3)
  3 orc sorcerers
  4 shining eyes
  A wolf spider (shapeshifter) (Zot:4)
  A faun (shapeshifter) (Zot:3)
  4 fauns (Shoals:3)
  10 cyclopes
  An iron dragon zombie (Crypt:1)
  A shadow dragon skeleton (Crypt:2)
  2 spectral alligator snapping turtles
  A fire giant zombie (Vaults:1)
  12 manticores
  A stone giant zombie (Vaults:1)
  23 salamanders
  A worldbinder (Abyss:3)
  A frost giant skeleton (Depths:2)
  19 elephants
  2 fire giant skeletons (Depths:2)
  22 moths of wrath
  11 rust devils
  13 merfolk sirens
  4 ice statues
  8 guardian serpents
  52 black mambas
  A water nymph (shapeshifter) (Depths:2)
  3 eyes of devastation
  13 smoke demons
  An orange demon (Abyss:1)
  A shock serpent skeleton (Crypt:1)
  An apocalypse crab (Zig:4)
  5 water nymphs
  A shock serpent zombie (Crypt:1)
  21 vault sentinels
  5 molten gargoyles (Hell)
  A centaur zombie (Crypt:1)
  4 gargoyles
  10 cane toads
  A torpor snail (Lair:5)
  A demonic crawler (Zot:1)
  26 naga magi
  A rime drake (Lair:5)
  An unseen horror (D:12)
  A yaktaur (shapeshifter) (D:14)
  5 tormentors
  3 kobold demonologists
  28 yaktaurs
  4 hellions
  15 komodo dragons
  A white draconian zombie (Crypt:1)
  2 tengu conjurers
  An unseen horror skeleton (Crypt:3)
  A grey draconian skeleton (Crypt:3)
  A silent spectre (Tar:1)
  21 freezing wraiths
  2 ancient zymes (Lair:5)
  3 ice devils
  20 guardian mummies
  9 trolls
  An elf skeleton (Vaults:1)
  4 spectral harpies
  5 polar bears
  A red devil (Hell)
  5 wind drakes
  2 hydra skeletons
  3 hydra zombies
  A tengu simulacrum (Crypt:2)
  19 blink frogs
  A mana viper skeleton (Crypt:2)
  3 hornets
  A blink frog (shapeshifter) (D:14)
  37 merfolk
  A hellwing (Zot:1)
  A merfolk zombie (Crypt:2)
  2 harpy skeletons
  A moth of wrath zombie (Crypt:2)
  A sphinx simulacrum (Depths:2)
  5 dream sheep (Lair:4)
  9 snapping turtles
  A raiju (shapeshifter) (Vaults:5)
  4 raiju
  A stone giant simulacrum (Crypt:1)
  4 spriggans
  A jumping spider (shapeshifter) (Elf:2)
  A centaur simulacrum (D:12)
  64 slime creatures
  20 flying skulls
  2 alligator skeletons
  2 vampires
  A culicivora (shapeshifter) (D:13)
  8 air elementals
  7 wraiths
  2 shadows
  19 water elementals
  A black mamba zombie (Crypt:2)
  A naga simulacrum (Crypt:2)
  6 ushabtiu (Tomb:1)
  29 yaks
  3 ynoxinuls (Lair:5)
  3 hogs (D:14)
  2 neqoxecs
  A wyvern (D:11)
  11 basilisks
  9 fire elementals
  A hog (shapeshifter) (D:14)
  10 starcursed masses (Abyss:1)
  15 golden eyes
  A sea snake simulacrum (Hell)
  A steam dragon (D:8)
  A redback (Vaults:2)
  9 vampire mosquitoes
  Edmund (D:6)
  2 redbacks (shapeshifter)
  2 chaos spawn
  A hell hound (Elf:1)
  5 wargs
  2 harpy simulacra
  3 acid dragons
  46 nagas
  17 water moccasins
  10 large abominations
  A swamp drake (D:10)
  4 floating eyes
  3 ice beasts
  A sky beast (D:8)
  3 black bears
  10 ogres
  A snapping turtle zombie (Crypt:3)
  An alligator simulacrum (Hell)
  33 orc warriors
  6 boggarts
  An ettin simulacrum (Crypt:2)
  5 wolves (Lair:5)
  3 centaurs
  A blink frog skeleton (Crypt:2)
  A swamp dragon skeleton (Crypt:3)
  Blork the orc (Orc:2)
  16 bullfrogs
  2 kobold brigands
  2 human zombies
  A scorpion (D:11)
  2 gnoll sergeants
  2 necrophages (Crypt:3)
  18 small abominations
  3 earth elementals (Elf:2)
  4 wights (Abyss:1)
  5 killer bees (D:10)
  A spriggan skeleton (Crypt:3)
  9 electric eels
  7 howler monkeys
  A crimson imp (Abyss:1)
  2 wolf skeletons
  A quasit (Abyss:3)
  20 orc priests
  2 sleepcaps
  4 gnoll boudas
  A human skeleton (Crypt:1)
  Ijyb (D:3)
  5 iguanas
  25 orc wizards
  4 hell rats (Lair:5)
  2 naga zombies (Crypt:2)
  An ogre zombie (Crypt:2)
  A boggart simulacrum (D:12)
  14 mummies
  26 gnolls
  12 adders
  A shadow imp (D:7)
  3 white imps
  An ufetubus (Vaults:3)
  An iguana skeleton (Crypt:1)
  6 worms
  2 dart slugs
  75 orcs
  4 spectral bats (Ossuary)
  14 ball pythons
  18 endoplasms
  13 giant cockroaches
  5 goblins
  7 hobgoblins
  18 kobolds
  17 quokkas
  3 training dummies (Shoals:2)
  8 bats
  A bat simulacrum (Ossuary)
  11 frilled lizards
  12 gnoll zombies (Ossuary)
  5 goblin simulacra (Ossuary)
  A goblin skeleton (Crypt:3)
  5 goblin zombies (Ossuary)
  3 hobgoblin zombies (Ossuary)
  A jackal skeleton (Crypt:1)
  2 kobold simulacra (Ossuary)
  6 kobold zombies (Ossuary)
  4 orc zombies (Ossuary)
  A quokka zombie (D:4)
  4 rats
  6 rat simulacra (Ossuary)
  A rat zombie (D:4)
  6 spectral goblins (Ossuary)
  A spectral kobold (Ossuary)
  3 spectral rats (Ossuary)
  A butterfly (Zot:4)
  A lurking horror (Abyss:1)
  4 pillars of salt (Zot:4)
  2 starspawn tentacles (Abyss:3)
  5 tentacles
2906 creatures vanquished.

Vanquished Creatures (collateral kills)
  2 ancient liches
  An orb of fire (Zot:5)
  A Killer Klown (Zot:5)
  A caustic shrike (Zig:8)
  Bai Suzhen (Crypt:2)
  Geryon (Hell)
  A tainted leviathan (Tar:3)
  An Ice Fiend (Zig:9)
  3 Orb Guardians (Zot:5)
  A titan (Shoals:2)
  2 acid blobs (Slime:5)
  A deep elf master archer (Elf:3)
  A revenant (Crypt:3)
  2 rockslimes
  A fire giant (Vaults:5)
  A vault warden (Vaults:4)
  A quicksilver elemental (Zig:8)
  2 frost giants
  2 reapers (Hell)
  A quicksilver ooze (Slime:5)
  2 ghouls
  An ironbound thunderhulk (Vaults:4)
  A very ugly thing (Vaults:2)
  A black draconian (Zot:4)
  Azrael (Elf:1)
  A white draconian (Zot:4)
  A yellow draconian (Zig:10)
  A deep elf death mage (Elf:3)
  An eidolon (Crypt:2)
  A merfolk impaler (Shoals:4)
  Harold (D:11)
  A jiangshi (Crypt:3)
  A deep elf high priest (Vaults:5)
  A fenstrider witch zombie (Crypt:1)
  A boulder beetle (D:13)
  A centaur warrior (D:12)
  A merfolk aquamancer (Shoals:4)
  A shock serpent (Snake:3)
  2 naga sharpshooters (Snake:3)
  10 hell knights
  An orc high priest (Orc:2)
  2 sun demons (Hell)
  2 crystal echidnas (Zig:8)
  A salamander mystic (Snake:3)
  3 skeletal warriors
  A spectral bunyip (Crypt:2)
  A naga ritualist (Snake:1)
  A bog body (Crypt:3)
  3 deep trolls
  A necromancer (Hell)
  An anaconda skeleton (Hell)
  A shining eye (Slime:5)
  A deep elf pyromancer (Orc:1)
  2 mana vipers (Snake:3)
  An orc sorcerer (Orc:2)
  2 orc knights (Vaults:2)
  2 moths of wrath
  A deep elf zephyrmancer (Orc:1)
  3 ugly things
  A manticore (Shoals:4)
  A shadow dragon skeleton (Crypt:1)
  A merfolk siren (Shoals:4)
  A black mamba (Lair:5)
  A centaur zombie (Crypt:2)
  An eye of devastation (Slime:5)
  A torpor snail (Lair:5)
  A molten gargoyle (Hell)
  An unseen horror (D:11)
  A freezing wraith (Hell)
  A kobold demonologist (D:5)
  A guardian mummy (Crypt:3)
  3 yaktaurs
  2 merfolk (Shoals:4)
  4 trolls
  A wind drake (Shoals:4)
  A harpy zombie (Crypt:2)
  A snapping turtle (Shoals:4)
  An ettin zombie (Crypt:2)
  An air elemental (Elf:1)
  A slime creature (Slime:5)
  A wraith (Vaults:2)
  A spriggan (shapeshifter) (D:12)
  A black mamba zombie (Crypt:1)
  A shadow (D:11)
  A water elemental (Hell)
  3 fire elementals (Elf:1)
  A sea snake simulacrum (Hell)
  A basilisk (D:12)
  2 hell hounds (Elf:1)
  6 orc warriors
  2 ogres (Zig:6)
  3 boggarts (Vaults:2)
  A kobold brigand (D:5)
  2 necrophages (Crypt:1)
  3 orc wizards
  9 orcs
153 creatures vanquished.

Vanquished Creatures (others)
  A Killer Klown (Zot:3)
  A nagaraja (Snake:4)
  A merfolk javelineer (Shoals:4)
  A rakshasa (Abyss:4)
  An anaconda (Snake:3)
  An orange crystal statue (Zot:5)
  2 wizards
  An ugly thing (Vaults:2)
  2 deep elf zephyrmancers (Elf:2)
  A naga mage (Snake:1)
  3 yaks (D:8)
  A human (D:14)
  2 orc priests (D:8)
  2 gnolls (D:8)
  6 foxfires (Zig:3)
  53 fungi
  A lurking horror (Abyss:3)
  A pillar of salt (Zot:4)
  105 plants
  4 starspawn tentacles (Abyss:4)
  12 tentacles
202 creatures vanquished.

Grand Total: 3261 creatures vanquished

Notes
Turn   | Place    | Note
-------+----------+-------------------------------------------
     0 | D:1      | patfeehan111222 the Minotaur Berserker began the quest for
                  | the Orb.
     0 | D:1      | Reached XP level 1. HP: 19/19 MP: 0/0
    76 | D:1      | Found Jiyfin's Assorted Antiques.
   534 | D:1      | Reached XP level 2. HP: 27/27 MP: 1/1
  1404 | D:2      | Reached XP level 3. HP: 33/33 MP: 2/2
  1477 | D:2      | Found a faded altar of an unknown god.
  1513 | D:2      | Reached ** piety under Trog
  2094 | D:3      | Noticed Ijyb
  2104 | D:3      | Killed Ijyb
  2105 | D:3      | Reached XP level 4. HP: 41/41 MP: 3/3
  2114 | D:2      | Reached skill level 1 in Throwing
  2487 | D:3      | Reached skill level 5 in Axes
  2487 | D:3      | Reached XP level 5. HP: 47/47 MP: 4/4
  2602 | D:3      | Found Zaagytz's Armour Shop.
  2720 | D:3      | Identified the +2 robe of the Valley {*Slow SInv Stlth+
                  | Archmagi}
  2779 | D:3      | Found Sumuis's One-of-a-Kind Rings.
  3150 | D:4      | Reached XP level 6. HP: 55/55 MP: 5/5
  3172 | D:4      | Found a sand-covered staircase.
  3201 | Ossuary  | Entered an ossuary
  3215 | Ossuary  | Reached skill level 5 in Fighting
  3221 | Ossuary  | Reached *** piety under Trog
  4007 | Ossuary  | Reached **** piety under Trog
  4469 | D:5      | Entered Level 5 of the Dungeon
  4512 | D:5      | Found a staircase to the Ecumenical Temple.
  4542 | D:5      | Reached XP level 7. HP: 51/61 MP: 6/6
  4732 | D:5      | Reached skill level 5 in Armour
  4801 | D:5      | Found a glowing drain.
  4819 | Sewer    | Entered a sewer
  4959 | Sewer    | Identified a scroll of acquirement
  4959 | Sewer    | Acquired an amulet of reflection
  5172 | Sewer    | Reached ***** piety under Trog
  5240 | Sewer    | Reached skill level 1 in Shields
  5260 | Sewer    | Identified the +6 scale mail "Xeoghien" {rPois Str+3}
  5526 | D:5      | Reached XP level 8. HP: 70/70 MP: 7/7
  5544 | D:5      | Noticed a kobold demonologist
  5555 | D:5      | Killed a kobold demonologist
  5562 | D:5      | Noticed a kobold demonologist
  5569 | D:5      | Killed a kobold demonologist
  6249 | D:6      | Noticed Edmund
  6259 | D:6      | Killed Edmund
  6454 | D:6      | Reached XP level 9. HP: 79/79 MP: 8/8
  7502 | D:7      | Reached skill level 10 in Axes
  8262 | D:8      | Reached skill level 1 in Stealth
  8480 | D:8      | Reached skill level 1 in Evocations
  8602 | D:8      | Noticed a komodo dragon
  8614 | D:7      | Killed a komodo dragon
  8917 | D:8      | Reached XP level 10. HP: 89/89 MP: 9/9
 10090 | D:9      | Identified the +6 trident "Kanyel" {drain, Fragile rC+
                  | rCorr Stlth+}
 10332 | D:9      | Found a glowing golden altar of the Shining One.
 10332 | D:9      | Found a radiant altar of Vehumet.
 10496 | D:10     | Entered Level 10 of the Dungeon
 10619 | D:10     | Reached skill level 5 in Dodging
 11098 | D:10     | Found a staircase to the Orcish Mines.
 11518 | D:11     | Found a staircase to the Lair.
 11524 | D:11     | Noticed a cyclops
 11534 | D:11     | Reached skill level 5 in Shields
 11541 | D:11     | Killed a cyclops
 11542 | D:11     | Reached XP level 11. HP: 97/97 MP: 10/10
 11664 | D:11     | Found Ykhedd's Assorted Antiques.
 11691 | D:11     | Noticed a green ugly thing
 11704 | D:11     | Killed a green ugly thing
 11732 | D:11     | Noticed Harold
 11747 | D:11     | Killed Harold
 11849 | D:11     | Noticed an orc knight
 11902 | D:11     | Killed an orc knight
 12006 | D:11     | Received a gift from Trog
 12354 | D:11     | Found a hide-covered altar of Uskayaw.
 12520 | D:3      | Bought the ring "Bunguesa" {Fly rPois rC+ SInv Stlth+} for
                  | 517 gold pieces
 13281 | D:12     | Noticed a two-headed ogre
 13361 | D:12     | Reached skill level 10 in Fighting
 13639 | D:12     | Reached skill level 5 in Throwing
 13868 | D:12     | Noticed a deep elf pyromancer
 13876 | D:12     | Killed a deep elf pyromancer
 14201 | D:12     | Reached skill level 10 in Armour
 14739 | D:12     | Noticed a centaur warrior
 14742 | D:12     | Killed a centaur warrior
 14746 | D:12     | Reached XP level 12. HP: 87/106 MP: 11/11
 14746 | D:12     | Killed a two-headed ogre
 14836 | D:12     | Noticed a deep troll earth mage
 15382 | D:11     | Killed a deep troll earth mage
 15383 | D:11     | Reached skill level 15 in Axes
 16414 | Orc:1    | Entered Level 1 of the Orcish Mines
 16460 | Orc:1    | Noticed a two-headed ogre
 16462 | Orc:1    | Noticed a two-headed ogre
 16466 | Orc:1    | Noticed a two-headed ogre
 16468 | Orc:1    | Noticed an ogre mage
 16468 | Orc:1    | Noticed a two-headed ogre
 16470 | Orc:1    | Killed a two-headed ogre
 16475 | Orc:1    | Noticed a two-headed ogre
 16480 | Orc:1    | Killed a two-headed ogre
 16483 | Orc:1    | Killed a two-headed ogre
 16487 | Orc:1    | Killed a two-headed ogre
 16496 | Orc:1    | Killed an ogre mage
 16505 | Orc:1    | Killed a two-headed ogre
 16526 | Orc:1    | Noticed a two-headed ogre
 16526 | Orc:1    | Noticed a two-headed ogre
 16526 | Orc:1    | Noticed an ogre mage
 16793 | Orc:1    | Noticed a two-headed ogre
 16793 | Orc:1    | Noticed a two-headed ogre
 16795 | Orc:1    | Noticed a two-headed ogre
 16797 | Orc:1    | Killed a two-headed ogre
 16801 | Orc:1    | Killed a two-headed ogre
 16803 | Orc:1    | Killed a two-headed ogre
 16804 | Orc:1    | Killed an ogre mage
 16804 | Orc:1    | Killed a two-headed ogre
 16805 | Orc:1    | Reached XP level 13. HP: 117/117 MP: 12/12
 17107 | Orc:1    | Found Ziyrhidao's Weapon Shoppe.
 17171 | Orc:1    | You are sucked into a shaft and drop 1 floor!
 17171 | Orc:2    | Entered Level 2 of the Orcish Mines
 17184 | Orc:2    | Found a staircase to the Elven Halls.
 17389 | Orc:2    | Noticed Saint Roka
 17813 | Orc:1    | Noticed Sonja
 17836 | Orc:1    | Killed Sonja
 18187 | Orc:1    | Noticed an orc warlord
 18208 | Orc:1    | Killed an orc warlord
 18661 | Orc:1    | Identified the +0 chain mail of Dithmenos's Envy {rPois
                  | Will- Int+8}
 19241 | Orc:2    | Found Zaclir's Jewellery Shop.
 19241 | Orc:2    | Noticed Blork the orc
 19717 | Orc:2    | Killed Blork the orc
 20164 | Orc:2    | Killed Saint Roka
 20492 | Orc:2    | Found Sunwugokips's Antique Armour Shop.
 20505 | Orc:2    | Found Adgho's General Store.
 20565 | Orc:2    | Found Teith's Antique Weapon Shop.
 20900 | D:1      | Bought a scroll of teleportation for 63 gold pieces
 20900 | D:1      | Bought a scroll of teleportation for 63 gold pieces
 20900 | D:1      | Bought 2 scrolls of enchant armour for 315 gold pieces
 21107 | D:11     | Bought a scroll of fear for 108 gold pieces
 21107 | D:11     | Bought a scroll of teleportation for 81 gold pieces
 21107 | D:11     | Bought a scroll of identify for 54 gold pieces
 21107 | D:11     | Bought a potion of curing for 81 gold pieces
 21255 | D:3      | Bought the +0 pair of gloves "Kuwayl" {Harm rC+ Dex+3
                  | Stlth-} for 304 gold pieces
 21401 | Lair:1   | Entered Level 1 of the Lair of Beasts
 21462 | Lair:1   | Noticed Erica
 21477 | Lair:1   | Killed Erica
 21577 | Lair:1   | Identified the +4 dagger "Ponost" {speed, Str+2}
 22066 | Lair:1   | Reached XP level 14. HP: 129/129 MP: 13/13
 22356 | Lair:2   | Found a staircase to the Snake Pit.
 22623 | Lair:2   | Found a large runed translucent door.
 22624 | Lair:2   | Found a large runed translucent door.
 22625 | Lair:2   | Noticed Gardakan's ghost (journeyman DEFE)
 22655 | Lair:2   | Killed Gardakan's ghost
 22656 | Lair:2   | Reached skill level 5 in Evocations
 23599 | Lair:3   | Noticed Nergalle
 23635 | Lair:3   | Killed Nergalle
 23819 | Lair:3   | Found a staircase to the Shoals.
 25648 | Lair:5   | Entered Level 5 of the Lair of Beasts
 25668 | Lair:4   | Reached skill level 15 in Fighting
 25867 | Lair:5   | Reached XP level 15. HP: 126/141 MP: 14/14
 25989 | Lair:5   | Found a staircase to the Slime Pits.
 25989 | Lair:5   | Found a viscous altar of Jiyva.
 26013 | Lair:5   | Found a transporter.
 26030 | Lair:5   | Found a transporter.
 26058 | Lair:5   | Noticed GigaChad's ghost (journeyman FoFi)
 26356 | Lair:5   | Received a gift from Trog
 27426 | Lair:5   | Found the +10 tower shield of Ignorance {rN+ Int-4}
 27941 | Lair:5   | Found a corrupted altar of Lugonu.
 27941 | Lair:5   | Found a one-way gate to the infinite horrors of the Abyss.
 28967 | D:13     | Received a gift from Trog
 29548 | D:14     | Noticed Snorg
 29557 | D:14     | Killed Snorg
 29774 | D:14     | Found a transporter.
 29790 | D:14     | Reached skill level 10 in Shields
 29803 | D:14     | Found a transporter.
 29857 | D:14     | Found a gate to the Vaults.
 30256 | D:14     | Noticed Frances
 30261 | D:14     | Killed Frances
 30321 | D:14     | Found a transporter.
 30345 | D:14     | Found a transporter.
 30658 | D:14     | Noticed Kirke
 30670 | D:14     | Killed Kirke
 30899 | D:15     | Entered Level 15 of the Dungeon
 32069 | D:15     | Reached XP level 16. HP: 150/152 MP: 5/15
 32340 | D:15     | Noticed Jorgrun
 32352 | D:15     | Killed Jorgrun
 33344 | D:15     | Found a staircase to the Depths.
 33822 | Snake:1  | Entered Level 1 of the Snake Pit
 34327 | Snake:1  | Identified the amulet "Kulut" {Reflect rPois Int+3 SH+5}
 34329 | Snake:1  | Found a shimmering blue altar of Sif Muna.
 34333 | Snake:1  | Found a transporter.
 36032 | Snake:2  | Received a gift from Trog
 36713 | Snake:2  | Reached skill level 15 in Armour
 37662 | Snake:2  | Reached XP level 17. HP: 161/161 MP: 5/16
 38166 | Shoals:1 | Entered Level 1 of the Shoals
 38930 | Shoals:1 | Reached skill level 15 in Shields
 39341 | Shoals:1 | Noticed a kraken
 39349 | Shoals:1 | Killed a kraken
 40017 | Shoals:2 | Found Oclucoe's Firing Range.
 40212 | Shoals:2 | Found Zesaul's Weapon Shoppe.
 40274 | Shoals:2 | Noticed a titan
 40310 | Shoals:2 | Killed a titan
 41191 | Shoals:3 | Found Tebboy's Magic Scroll Emporium.
 41215 | Shoals:3 | Noticed a kraken
 41226 | Shoals:3 | Killed a kraken
 41429 | Shoals:3 | Noticed a kraken
 41441 | Shoals:3 | Killed a kraken
 41830 | Shoals:3 | Received a gift from Trog
 42359 | Shoals:3 | Bought a scroll of teleportation for 60 gold pieces
 42359 | Shoals:3 | Bought a scroll of summoning for 190 gold pieces
 42359 | Shoals:3 | Bought a scroll of fog for 80 gold pieces
 42359 | Shoals:3 | Bought a scroll of teleportation for 60 gold pieces
 42359 | Shoals:3 | Bought a scroll of blinking for 150 gold pieces
 42573 | Shoals:3 | Acquired a manual of Shields
 42591 | Shoals:4 | Entered Level 4 of the Shoals
 42715 | Shoals:4 | Identified the amulet of Berahihu {RegenMP rPois rF+ rC+}
 44082 | Shoals:4 | Identified the +4 halberd "Newtbane" {protect, rPois rF-
                  | rC++ Str+3}
 44376 | Shoals:4 | Reached XP level 18. HP: 172/172 MP: 5/17
 44395 | Shoals:4 | Got a barnacled rune of Zot
 45059 | Shoals:4 | Identified the +2 pair of gloves of Divine Intervention
                  | {Str+3 Int-5}
 45072 | Shoals:4 | Found Liudgh's Book Emporium.
 46005 | Snake:3  | Noticed Vashnia
 46005 | Snake:3  | Found a runed translucent gate.
 46005 | Snake:3  | Found a runed translucent gate.
 46005 | Snake:3  | Found a runed translucent gate.
 46523 | Snake:2  | Killed Vashnia
 49927 | Snake:3  | Received a gift from Trog
 50981 | Snake:3  | Found Nuybyz's Magic Scroll Boutique.
 50984 | Snake:3  | Found Baneo's Armour Shop.
 50984 | Snake:3  | Found Luinapul's Armour Boutique.
 50994 | Snake:3  | Found Pone's Assorted Antiques.
 51214 | Snake:3  | Bought a scroll of teleportation for 51 gold pieces
 51214 | Snake:3  | Bought a scroll of teleportation for 51 gold pieces
 51214 | Snake:3  | Bought a scroll of brand weapon for 161 gold pieces
 51214 | Snake:3  | Bought a scroll of enchant armour for 127 gold pieces
 51950 | Snake:4  | Entered Level 4 of the Snake Pit
 52179 | Snake:4  | Noticed Asterion
 52192 | Snake:4  | Killed Asterion
 52926 | Snake:4  | Received a gift from Trog
 52981 | Snake:4  | Noticed Aizul
 52996 | Snake:4  | Killed Aizul
 53531 | Snake:4  | Identified the +7 trident of True Grit {venom, rF+++ Str-3}
 53600 | Snake:4  | Reached XP level 19. HP: 181/181 MP: 18/18
 55832 | Snake:4  | Identified the +0 robe of Piasofacw {Rampage rC++ Will+}
 55936 | Snake:4  | Got a serpentine rune of Zot
 56498 | Elf:1    | Entered Level 1 of the Elven Halls
 56527 | Elf:1    | Found a shimmering blue altar of Sif Muna.
 56531 | Elf:1    | Paralysed by an air elemental for 1 turns
 56534 | Elf:1    | Paralysed by an air elemental for 1 turns
 56571 | Elf:1    | Paralysed by an air elemental for 1 turns
 56708 | Elf:1    | Noticed Azrael
 56713 | Elf:1    | Paralysed by an air elemental for 1 turns
 56718 | Elf:1    | Paralysed by an air elemental for 1 turns
 56723 | Elf:1    | Paralysed by an air elemental for 1 turns
 56727 | Elf:1    | Paralysed by an air elemental for 1 turns
 56739 | Elf:1    | Killed Azrael
 57148 | Elf:1    | Paralysed by an air elemental for 1 turns
 57806 | Elf:1    | Received a gift from Trog
 57858 | Elf:1    | Found Fim Gaiziurgh's Antique Weapon Shop.
 57922 | Elf:1    | Paralysed by an air elemental for 1 turns
 58136 | Elf:1    | Paralysed by an air elemental for 1 turns
 58660 | Elf:2    | Paralysed by an air elemental for 1 turns
 59530 | Elf:2    | Acquired the +0 hat of Undesirable Species {rF++}
 59674 | Elf:2    | Found a huge runed translucent gate.
 59674 | Elf:2    | Found a huge runed translucent gate.
 59674 | Elf:2    | Found a huge runed translucent gate.
 59674 | Elf:2    | Found a huge runed translucent gate.
 59674 | Elf:2    | Found a huge runed translucent gate.
 60409 | Elf:2    | Received a gift from Trog
 60677 | Elf:3    | Entered Level 3 of the Elven Halls
 61061 | Elf:3    | Found a runed translucent door.
 61062 | Elf:3    | Found a shimmering altar of Xom.
 61062 | Elf:3    | Noticed Tollund's ghost (veteran DjFE)
 61080 | Elf:3    | Killed Tollund's ghost
 61426 | Elf:3    | Paralysed by an air elemental for 1 turns
 61432 | Elf:3    | Paralysed by an air elemental for 1 turns
 61628 | Elf:3    | Identified the +8 falchion of Hepliaklqana's Reproof
                  | {protect, rN+++ MP+9 Str+4 Dex-3}
 61940 | Elf:3    | Reached XP level 20. HP: 193/193 MP: 19/19
 63020 | Elf:3    | Identified the staff of death "Rijukuuh" {rN+ Int+3 SInv}
 63116 | Elf:3    | Identified the +3 dagger of the Equinox {drain, *Corrode
                  | MP+9 Str+3 Dex+6}
 63122 | Elf:3    | Identified the +0 rapier of Experimentation {heavy, Int+3}
 63161 | Elf:3    | Identified the +6 great mace of Corporal Punishment
                  | {distort, Str+2}
 63207 | Elf:3    | Found the macabre finger necklace {Finger+ rN+}
 63212 | Elf:3    | Identified the +6 halberd "Jaenk" {vamp, Str+6 Dex+3}
 63222 | Elf:3    | Identified the staff of fire "Imuxyom" {rElec rPois rF+
                  | rC+}
 63236 | Elf:3    | Identified the +3 dagger "Embalmer" {drain, rN+ Stlth+}
 63249 | Elf:3    | Identified the +6 plate armour "Kumathemp" {+Inv}
 63254 | Elf:3    | Identified the +0 cloak of Notopof {rF+ rC++}
 63706 | Depths:1 | Entered Level 1 of the Depths
 64284 | Lair:5   | Killed GigaChad's ghost
 64291 | Lair:5   | Identified the +2 pair of boots "Ludenut" {rF+ rN+ MP-9
                  | Dex+3}
 64586 | Snake:1  | Received a gift from Trog
 64675 | Snake:1  | Found a transporter.
 64782 | Snake:3  | Bought a scroll of summoning for 380 gold pieces
 64782 | Snake:3  | Bought a potion of haste for 400 gold pieces
 64782 | Snake:3  | Bought a potion of invisibility for 320 gold pieces
 65719 | Depths:1 | Found a gateway to Hell.
 66098 | Depths:2 | Received a gift from Trog
 66558 | Vaults:1 | Entered Level 1 of the Vaults
 67958 | Vaults:1 | Received a gift from Trog
 67959 | Vaults:1 | Reached XP level 21. HP: 202/202 MP: 11/20
 68315 | Vaults:1 | Reached skill level 10 in Dodging
 68950 | Vaults:2 | Received a gift from Trog
 69502 | Vaults:2 | Found a transporter.
 69513 | Vaults:2 | Found a transporter.
 69692 | Vaults:2 | Reached skill level 27 in Shields
 69722 | Vaults:2 | Identified the +4 rapier of the Land of Plenty {venom,
                  | Dex+4}
 70094 | Vaults:2 | Found a staircase to the Crypt.
 70299 | Vaults:3 | Found Ciasyr's Magic Scroll Emporium.
 70299 | Vaults:3 | Found Tezilla's Antique Armour Shoppe.
 70303 | Vaults:3 | Received a gift from Trog
 70331 | Vaults:3 | Bought a scroll of magic mapping for 105 gold pieces
 70331 | Vaults:3 | Bought a scroll of teleportation for 42 gold pieces
 70331 | Vaults:3 | Bought a scroll of magic mapping for 105 gold pieces
 70331 | Vaults:3 | Bought a scroll of teleportation for 42 gold pieces
 70331 | Vaults:3 | Bought a scroll of teleportation for 42 gold pieces
 70347 | Vaults:3 | Bought a scroll of fog for 56 gold pieces
 70347 | Vaults:3 | Bought a scroll of enchant weapon for 105 gold pieces
 71003 | Vaults:3 | Found Qiruim's Book Shoppe.
 71325 | Vaults:3 | Reached XP level 22. HP: 214/214 MP: 12/21
 71337 | Vaults:3 | Paralysed by a sphinx for 5 turns
 71410 | Vaults:3 | Found Woites's Weapon Shop.
 71504 | Vaults:3 | Found Otaosuf's Antique Armour Emporium.
 71943 | Vaults:3 | Reached ****** piety under Trog
 72136 | Vaults:4 | Received a gift from Trog
 73517 | Vaults:4 | Found Husacuv's Assorted Antiques.
 73583 | Vaults:4 | Found a large runed translucent door.
 73583 | Vaults:4 | Found a large runed translucent door.
 73584 | Vaults:4 | Noticed Pixtaico's ghost (adept FeNe)
 73686 | Vaults:4 | Received a gift from Trog
 73696 | Vaults:4 | Identified the +0 robe of Temperance {Will+}
 74294 | Vaults:4 | Killed Pixtaico's ghost
 74298 | Vaults:4 | Gained mutation: You are dopey. (Int -2) [mutagenic glow]
 74444 | Vaults:5 | Entered Level 5 of the Vaults
 75937 | Vaults:4 | Received a gift from Trog
 77235 | Vaults:5 | Received a gift from Trog
 77235 | Vaults:5 | HP: 10/220 [titan/the air (52)]
 77278 | Vaults:5 | Reached XP level 23. HP: 46/224 MP: 13/22
 77282 | Vaults:5 | Noticed an ancient lich
 77289 | Vaults:5 | Killed an ancient lich
 77300 | Vaults:5 | HP: 15/340 [tengu reaver/bolt of acid (19)]
 78355 | Vaults:5 | Identified the staff of conjuration "Suigevi Narr" {Int+4}
 78356 | Vaults:5 | Reached skill level 5 in Stealth
 78395 | Vaults:5 | Identified the +10 plate armour of the Enfolding Gods
                  | {rElec}
 78395 | Vaults:5 | Identified the amulet of Polytheism {Faith Str+3 SInv}
 79008 | D:15     | Acquired a manual of Armour
 79311 | Vaults:5 | Identified the +0 cloak of Starshine {Int+4 Dex+4 Slay-3}
 79377 | Vaults:5 | Identified the staff of cold "Punum" {rC+ Dex+2}
 79392 | Vaults:5 | Identified the ring of Tepetiff {rPois Int+3}
 79587 | Vaults:5 | Found Qownowe's Book Boutique.
 79674 | Vaults:5 | Got a silver rune of Zot
 79913 | Vaults:5 | Noticed Xtahua
 79919 | Vaults:5 | Killed Xtahua
 80602 | Depths:2 | Found a one-way gate leading to the halls of Pandemonium.
 80929 | Depths:2 | Paralysed by a vampire knight for 4 turns
 81078 | Depths:2 | Received a gift from Trog
 81854 | Depths:2 | Found Beodos's Antique Weapon Shop.
 81879 | Depths:2 | Found a one-way gateway to a ziggurat.
 81984 | Depths:2 | Noticed a caustic shrike
 81989 | Depths:2 | Killed a caustic shrike
 82184 | Depths:2 | Reached skill level 27 in Axes
 82467 | Hell     | Entered the Vestibule of Hell
 82467 | Hell     | Noticed Geryon
 82503 | Hell     | Killed Geryon
 82507 | Hell     | Reached XP level 24. HP: 200/243 MP: 13/22
 82656 | Hell     | Received a gift from Trog
 82821 | Hell     | Found a gateway to the Iron City of Dis.
 82874 | Hell     | Found a gateway to the decaying netherworld of Tartarus.
 82887 | Tar:1    | Entered Level 1 of Tartarus
 83073 | Hell     | Found a gateway to the ashen valley of Gehenna.
 83157 | Hell     | Found a gateway to the freezing wastes of Cocytus.
 83206 | Coc:1    | Entered Level 1 of Cocytus
 83926 | Depths:3 | Paralysed by a floating eye for 3 turns
 83932 | Depths:3 | Paralysed by a floating eye for 2 turns
 84081 | Depths:3 | You are sucked into a shaft and drop 1 floor!
 84081 | Depths:4 | Entered Level 4 of the Depths
 84104 | Depths:4 | Found an opulent altar of Gozag.
 84735 | Depths:3 | Reached skill level 27 in Fighting
 84746 | Depths:3 | Received a gift from Trog
 85470 | Depths:4 | Received a gift from Trog
 85912 | Depths:4 | Found a gate to the Realm of Zot.
 85983 | Depths:4 | Reached XP level 25. HP: 217/257 MP: 13/22
 86831 | Crypt:1  | Entered Level 1 of the Crypt
 87304 | Crypt:1  | Received a gift from Trog
 87687 | Crypt:1  | Reached skill level 10 in Evocations
 88839 | Crypt:2  | Identified the +0 ring mail "Kary" {+Blink rC- Stlth+}
 88938 | Crypt:2  | Noticed Bai Suzhen
 88944 | Crypt:2  | Killed Bai Suzhen
 88993 | Crypt:2  | Received a gift from Trog
 89276 | Crypt:3  | Entered Level 3 of the Crypt
 89280 | Crypt:3  | Noticed Khufu
 89288 | Crypt:3  | Noticed a royal mummy
 89293 | Crypt:3  | Killed Khufu
 90091 | Crypt:3  | Killed a royal mummy
 90833 | Crypt:3  | Noticed a dread lich
 90844 | Crypt:3  | Killed a dread lich
 91359 | Crypt:3  | Found a staircase to the Tomb.
 91927 | Crypt:3  | Identified the +2 leather armour of the Neverending Mouths
                  | {rC+ Regen+ Slay+2 SInv}
 92659 | Crypt:3  | Received a gift from Trog
 92764 | Crypt:3  | Identified the staff of death "Umuel" {rPois rN+ Str-2
                  | Int+3 Stlth+}
 92961 | Crypt:3  | Reached skill level 27 in Armour
 93090 | Crypt:3  | Identified the +4 spear of Generosity {venom, *Corrode
                  | Fragile Str+8 Int+5}
 93091 | Crypt:3  | Identified the staff of fire "Bamaonifi" {rF+ Will+ rCorr
                  | Dex-5}
 93106 | Crypt:3  | Identified the +4 chain mail "Rixtes" {Dex+2 Slay+3}
 93265 | Tomb:1   | Entered Level 1 of the Tomb of the Ancients
 93814 | Tomb:1   | Reached XP level 26. HP: 129/266 MP: 13/22
 94381 | Tomb:1   | Noticed a royal mummy
 94394 | Tomb:1   | Killed a royal mummy
 94611 | Tomb:1   | Noticed a royal mummy
 94617 | Tomb:1   | Killed a royal mummy
 96117 | Tomb:1   | Received a gift from Trog
 96548 | Tomb:1   | Noticed a royal mummy
 96565 | Tomb:1   | Killed a royal mummy
 97049 | Tomb:1   | Gained mutation: Your spells are a little easier to cast,
                  | but a little less powerful. [mutagenic glow]
 97063 | Tomb:1   | Gained mutation: You have sharp toenails. [mutagenic glow]
 97093 | Tomb:1   | Gained mutation: Your magical capacity is low. (-10% MP)
                  | [mutagenic glow]
 97352 | D:15     | Lost mutation: You have sharp toenails. [potion of
                  | mutation]
 97352 | D:15     | Lost mutation: Your magical capacity is low. (-10% MP)
                  | [potion of mutation]
 97352 | D:15     | Lost mutation: You are dopey. (Int -2) [potion of mutation]
 97352 | D:15     | Gained mutation: You passively map a small area around you.
                  | [potion of mutation]
 97352 | D:15     | Gained mutation: You have large cloven feet. [potion of
                  | mutation]
 97353 | D:15     | Lost mutation: You passively map a small area around you.
                  | [potion of mutation]
 97353 | D:15     | Lost mutation: You have large cloven feet. [potion of
                  | mutation]
 97353 | D:15     | Lost mutation: Your spells are a little easier to cast, but
                  | a little less powerful. [potion of mutation]
 97353 | D:15     | Gained mutation: You occasionally lose the ability to drink
                  | potions when taking damage. [potion of mutation]
 97353 | D:15     | Gained mutation: You are covered in fur. (AC +1) [potion of
                  | mutation]
 97355 | D:15     | Lost mutation: You are covered in fur. (AC +1) [potion of
                  | mutation]
 97355 | D:15     | Lost mutation: You occasionally lose the ability to drink
                  | potions when taking damage. [potion of mutation]
 97355 | D:15     | Gained mutation: Your flesh is heat resistant. (rF+)
                  | [potion of mutation]
 97355 | D:15     | Gained mutation: You are partially covered in large bone
                  | plates. (SH +4) [potion of mutation]
 97355 | D:15     | Gained mutation: Your body sometimes deteriorates upon
                  | taking damage. [potion of mutation]
 97359 | D:15     | Lost mutation: Your flesh is heat resistant. (rF+) [potion
                  | of mutation]
 97359 | D:15     | Lost mutation: Your body sometimes deteriorates upon taking
                  | damage. [potion of mutation]
 97359 | D:15     | Gained mutation: You are covered in fur. (AC +1) [potion of
                  | mutation]
 97359 | D:15     | Gained mutation: You occasionally lose the ability to read
                  | scrolls when taking damage. [potion of mutation]
 97359 | D:15     | Gained mutation: Armour fits poorly on your strangely
                  | shaped body. [potion of mutation]
 97359 | D:15     | Gained mutation: You have sharp toenails. [potion of
                  | mutation]
 97360 | D:15     | Lost mutation: You have sharp toenails. [potion of
                  | mutation]
 97360 | D:15     | Lost mutation: You are partially covered in large bone
                  | plates. (SH +4) [potion of mutation]
 97360 | D:15     | Gained mutation: Your movements are slightly less
                  | encumbered by armour. (ER -2) [potion of mutation]
 97360 | D:15     | Gained mutation: You are somewhat resistant to further
                  | mutation. [potion of mutation]
 97361 | D:15     | Lost mutation: You occasionally lose the ability to read
                  | scrolls when taking damage. [potion of mutation]
 97361 | D:15     | Lost mutation: You are somewhat resistant to further
                  | mutation. [potion of mutation]
 97361 | D:15     | Lost mutation: Your movements are slightly less encumbered
                  | by armour. (ER -2) [potion of mutation]
 97361 | D:15     | Gained mutation: You are frail. (-10% HP) [potion of
                  | mutation]
 97361 | D:15     | Gained mutation: You occasionally lose the ability to drink
                  | potions when taking damage. [potion of mutation]
 97361 | D:15     | Gained mutation: Your natural rate of healing is unusually
                  | fast. [potion of mutation]
 97361 | D:15     | Gained mutation: A frigid envelope surrounds you and
                  | freezes all who hurt you. [potion of mutation]
 97362 | D:15     | Lost mutation: Your natural rate of healing is unusually
                  | fast. [potion of mutation]
 97362 | D:15     | Lost mutation: You are covered in fur. (AC +1) [potion of
                  | mutation]
 97362 | D:15     | Lost mutation: Armour fits poorly on your strangely shaped
                  | body. [potion of mutation]
 97362 | D:15     | Gained mutation: Potions are less effective at restoring
                  | your health. [potion of mutation]
 97362 | D:15     | Gained mutation: Your spells are a little harder to cast,
                  | but a little more powerful. [potion of mutation]
 97363 | D:15     | Lost mutation: You are frail. (-10% HP) [potion of
                  | mutation]
 97363 | D:15     | Lost mutation: A frigid envelope surrounds you and freezes
                  | all who hurt you. [potion of mutation]
 97363 | D:15     | Gained mutation: You sometimes lose your temper in combat.
                  | [potion of mutation]
 97505 | Zot:1    | Entered Level 1 of the Realm of Zot
 99232 | Zot:1    | Received a gift from Trog
100491 | Lair:5   | Voluntarily entered the Abyss.
100767 | Lair:5   | Escaped the Abyss
101088 | Lair:5   | Voluntarily entered the Abyss.
101099 | Abyss:2  | Found a corrupted altar of Lugonu.
101113 | Abyss:2  | Found a corrupted altar of Lugonu.
101249 | Abyss:3  | Lost mutation: You sometimes lose your temper in combat. [a
                  | neqoxec]
101251 | Abyss:3  | Gained mutation: Your magical capacity is low. (-10% MP) [a
                  | neqoxec]
101348 | Abyss:4  | Found a corrupted altar of Lugonu.
101365 | Abyss:4  | Reached skill level 15 in Evocations
101375 | Lair:5   | Escaped the Abyss
101964 | Slime:1  | Entered Level 1 of the Pits of Slime
101967 | Slime:1  | Gained mutation: You sometimes lose the ability to drink
                  | potions when taking damage. [a shining eye]
102038 | Slime:2  | Gained mutation: Your magical capacity is very low. (-20%
                  | MP) [a shining eye]
102040 | Slime:2  | Identified the +4 broad axe of Dragon's Foe {flame, rF-
                  | Dex+2 Stlth+} (Trog gifted it to you on level 2 of the Pits
                  | of Slime)
102040 | Slime:2  | Received a gift from Trog
102468 | Slime:3  | Reached skill level 15 in Dodging
102742 | Slime:5  | Entered Level 5 of the Pits of Slime
103550 | Slime:5  | Gained mutation: Your body sometimes deteriorates upon
                  | taking damage. [a shining eye]
103553 | Slime:5  | Gained mutation: You are dopey. (Int -2) [a shining eye]
103573 | Slime:5  | Gained mutation: Your spells are harder to cast, but more
                  | powerful. [a shining eye]
103947 | Slime:5  | Noticed the Royal Jelly
103957 | Slime:5  | Killed the Royal Jelly
104099 | Slime:5  | Identified the +5 ring mail of Feasting {Dex+5}
104100 | Slime:5  | Found the +3 warlock's mirror {omnireflect}
104143 | Slime:5  | Identified the +6 flail of Ru's Regard {vamp, rPois Int+3}
104173 | Slime:5  | Got a slimy rune of Zot
104208 | Slime:5  | Identified the staff of conjuration "Vusmoboth" {Int+3}
104689 | Vaults:2 | Reached XP level 27. HP: 229/273 MP: 8/17
104727 | Vaults:2 | Identified the +0 pair of gloves of Good Intentions {rN+
                  | Str+3 Int-4 Stlth+}
104734 | Vaults:2 | Identified the ring "Fiqopn Eximn" {MP+9 SInv}
104740 | Vaults:2 | Identified the +2 scimitar of Woworix {elec, MP-9 Int+7
                  | Stlth+}
105195 | Zig:1    | Entered Level 1 of a ziggurat
105381 | Zig:2    | Entered Level 2 of a ziggurat
105502 | Zig:3    | Entered Level 3 of a ziggurat
105530 | Zig:3    | Identified the staff of cold "Vietedgh" {rC+ rN++ Str+5
                  | Int-5}
105538 | Zig:4    | Entered Level 4 of a ziggurat
105769 | Zig:5    | Entered Level 5 of a ziggurat
105999 | Zig:5    | Identified the staff of poison "Bunuery" {rPois rC+ rN+
                  | rCorr Dex+3}
106002 | Zig:5    | Identified the staff of conjuration "Lemaac Cale" {rF+ rC+
                  | SInv}
106013 | Zig:6    | Entered Level 6 of a ziggurat
106018 | Zig:6    | Noticed a juggernaut
106019 | Zig:6    | Noticed a juggernaut
106026 | Zig:6    | Killed a juggernaut
106028 | Zig:6    | Killed a juggernaut
106080 | Zig:7    | Entered Level 7 of a ziggurat
106085 | Zig:7    | Found the +1 cloak of Starlight {*Dazzle EV+4 Stlth--}
106086 | Zig:7    | Noticed an orb of fire
106086 | Zig:7    | Found the +7 great mace "Undeadhunter" {deathbane, rN+}
106090 | Zig:7    | Gained mutation: You sometimes lose your temper in combat.
                  | [an orb of fire]
106091 | Zig:7    | Gained mutation: Your magical capacity is extremely low.
                  | (-30% MP) [an orb of fire]
106092 | Zig:7    | Killed an orb of fire
106288 | Zig:8    | Entered Level 8 of a ziggurat
106296 | Zig:8    | Reached skill level 10 in Stealth
106319 | Zig:8    | Identified the +7 spear "Awnergh" {freeze, Fly Stlth+}
106739 | Zig:9    | Entered Level 9 of a ziggurat
106748 | Zig:9    | Noticed Xadghilu the pandemonium lord
106756 | Zig:9    | Killed Xadghilu the pandemonium lord
107042 | Zig:9    | Identified the +3 plate armour of Temperance {rCorr Dex+4
                  | Slay+3}
107049 | Zig:9    | Identified the +9 rapier of Megalomania {freeze, rF+
                  | Stlth+}
107053 | Zig:9    | Identified the +7 dagger of Tenacity {heavy, rElec}
107157 | Zig:10   | Entered Level 10 of a ziggurat
107569 | Zig:10   | Identified the +4 dagger of Ifiuxzogu {flame, rC- Will++
                  | Dex+4}
107570 | Zig:10   | Identified the staff of conjuration "Paulyiri" {Will+ rCorr
                  | Str+3}
107573 | Zig:10   | Identified the +4 plate armour of Liopez {rCorr Dex+3}
108031 | Tar:1    | You are sucked into a shaft and drop 1 floor!
110851 | Zot:2    | Identified the +10 long sword "Ycsoass" {flame, Fragile rC+
                  | Str+6 Int+2}
110880 | Zot:2    | Found a transporter.
110882 | Zot:2    | Noticed an orb of fire
110882 | Zot:2    | Noticed an orb of fire
110884 | Zot:2    | Noticed an orb of fire
110894 | Zot:1    | Killed an orb of fire
110895 | Zot:1    | Killed an orb of fire
110975 | Zot:2    | Found a transporter.
110989 | Zot:2    | Noticed Zeaxzic Paph's ghost (veteran OgBe)
110991 | Zot:2    | Noticed an ancient lich
111134 | Zot:2    | Noticed Kawoqao's ghost (legendary MiBe)
111474 | Zot:2    | Identified the +0 arbalest of Pas Ehiz {heavy, rPois rCorr}
111720 | Zot:2    | Gained mutation: You are clumsy. (Dex -2) [an orb of fire]
111722 | Zot:2    | Killed an orb of fire
112253 | Zot:2    | Killed Kawoqao's ghost
112255 | Zot:2    | Killed an ancient lich
112256 | Zot:2    | Killed Zeaxzic Paph's ghost
112275 | Zot:2    | Identified the +5 hat of Dezugh {Rampage Str+4 Stlth+}
112278 | Zot:2    | Identified the staff of cold "Miso Lan" {rC+ rN+}
112854 | Zot:3    | Received a gift from Trog
115980 | Zot:5    | Entered Level 5 of the Realm of Zot
116009 | Zot:4    | Found a shimmering altar of Xom.
116009 | Zot:4    | Found a glowing silver altar of Zin.
116109 | Zot:4    | Identified the +9 shortbow of Dotex {speed, rPois Will+}
116759 | Zot:4    | Identified the +4 mace of Eternal Harmony {freeze, rF+}
117190 | Zot:4    | Identified the +1 scale mail "Quschuih" {Dex+2}
117968 | Zot:5    | Noticed an ancient lich
117975 | Zot:5    | Killed an ancient lich
117996 | Zot:5    | Noticed an orb of fire
118004 | Zot:5    | Reached skill level 10 in Throwing
118010 | Zot:5    | Killed an orb of fire
118366 | Zot:5    | Noticed an ancient lich
118369 | Zot:5    | Noticed an orb of fire
118372 | Zot:5    | Killed an ancient lich
118372 | Zot:5    | Gained mutation: Armour fits poorly on your strangely
                  | shaped body. [an orb of fire]
118379 | Zot:5    | Gained mutation: Your body often deteriorates upon taking
                  | damage. [an orb of fire]
118380 | Zot:5    | Killed an orb of fire
118680 | Zot:5    | Noticed an orb of fire
118685 | Zot:5    | Gained mutation: You have hidden genetic defects. [an orb
                  | of fire]
118688 | Zot:5    | Gained mutation: You are very dopey. (Int -4) [an orb of
                  | fire]
118689 | Zot:5    | Killed an orb of fire
118705 | Zot:5    | Noticed an orb of fire
118719 | Zot:5    | Lost mutation: Your spells are harder to cast, but more
                  | powerful. [an orb of fire]
118719 | Zot:5    | Gained mutation: You occasionally shout uncontrollably at
                  | your foes. [an orb of fire]
118721 | Zot:5    | Killed an orb of fire
119534 | Zot:5    | Noticed a dread lich
119534 | Zot:5    | Noticed a dread lich
119593 | Zot:5    | Killed a dread lich
119600 | Zot:5    | Killed a dread lich
119601 | Zot:5    | Gained mutation: Potions cannot restore your health.
                  | [hidden defects]
119967 | Zot:5    | Noticed an orb of fire
119967 | Zot:5    | Lost mutation: You sometimes lose your temper in combat.
                  | [an orb of fire]
119968 | Zot:5    | Lost mutation: Your spells are a little harder to cast, but
                  | a little more powerful. [an orb of fire]
119970 | Zot:5    | Gained mutation: You sometimes lose your temper in combat.
                  | [an orb of fire]
119986 | Zot:5    | Gained mutation: You do not regenerate when monsters are
                  | visible. [an orb of fire]
119987 | Zot:5    | Killed an orb of fire
120236 | Zot:5    | Noticed an orb of fire
120242 | Zot:5    | Lost intelligence.
120252 | Zot:5    | Killed an orb of fire
120262 | Zot:5    | Noticed an orb of fire
120264 | Zot:5    | Gained mutation: You occasionally lose the ability to read
                  | scrolls when taking damage. [an orb of fire]
120266 | Zot:5    | Lost mutation: You do not regenerate when monsters are
                  | visible. [an orb of fire]
120269 | Zot:5    | Gained mutation: You are frail. (-10% HP) [an orb of fire]
120271 | Zot:5    | Killed an orb of fire
121288 | Zot:5    | Got the Orb of Zot
121350 | Zot:5    | Noticed Taununaar the pandemonium lord
121514 | Zot:1    | Noticed Wumil the pandemonium lord
121729 | D:12     | Gained mutation: You are occasionally teleported next to
                  | monsters. [a cacodemon]
121738 | D:11     | Gained mutation: Your spells are a little easier to cast,
                  | but a little less powerful. [a cacodemon]
121763 | D:9      | Received a gift from Trog
121769 | D:9      | Gained mutation: You have terrible hidden genetic defects.
                  | [hidden defects]
121769 | D:9      | Lost mutation: You have terrible hidden genetic defects.
                  | [hidden defects expressed]
121803 | D:8      | Noticed Jiqosog the pandemonium lord
121907 | D:3      | Lost intelligence.
121971 | D:$      | Escaped with the Orb!

Illustrated notes

Levels and vault maps discovered:
D:1:      psy_arrival_statuary, layout_basic, serial_shops,
          nicolae_lakefront_shop, minmay_misc_feat_x,
          nicolae_kite_square_tiling_tiny, grunt_decor_fettered
D:2:      layout_loops_ring, hellmonk_ecumenical_altar_zigzags,
          minmay_liquid_box, chequers_serial_rivers_small_3, grunt_ministairs_12
D:3:      layout_rooms, serial_shops, shop, nicolae_shop_unique_rings, uniq_ijyb
D:4:      layout_cave_pools, enter_ossuary_4
D:5:      layout_loops_corners, minmay_temple_entry_large_hall,
          portal_sewer_entry_f, hangedman_decor_push
D:6:      minmay_general_purpose_star, layout_loops_ring, minivault_11,
          minivault_23, uniq_edmund
D:7:      layout_basic
D:8:      layout_loops_cross, hex_medium
D:9:      layout_grid_maze, gammafunk_temple_overflow_pools, dk_noncrumbling_3
D:10:     layout_cave_pools, erik_orc_1
D:11:     layout_long_grid, due_lair_maze_entry_diamond, serial_shops,
          nicolae_diamond_shop, special_room [special_room_orc],
          nicolae_uskayaw_dance_studio, uniq_harold
D:12:     nzn_winding_woodlands_stair_cross
          [nzn_winding_woodlands_5x15_sidewinder,
          nzn_winding_woodlands_center_pierced_h,
          nzn_winding_woodlands_5x15_eye, nzn_winding_woodlands_5x5_cross,
          nzn_winding_woodlands_5x5_default, nzn_winding_woodlands_5x15_default,
          nzn_winding_woodlands_center_triple_pond,
          nzn_winding_woodlands_5x15_cabin], layout_basic
D:13:     layout_irregular_city, serial_bayou_crossing
D:14:     layout_basic, david_vaults_2, nicolae_titane,
          nicolae_diode_intersection, uniq_kirke, uniq_snorg, uniq_frances
D:15:     gammafunk_enter_depths_forms, layout_long_grid, serial_bayou_ford_a,
          minivault_1, uniq_jorgrun
Lair:1:   layout_chaotic_city, uniq_erica
Lair:2:   layout_misc_corridors, guppyfry_snake_entry_garden,
          ebering_ghost_disaster_area
Lair:3:   layout_gridlike, elwin_shoals_entry_rocks, uniq_nergalle
Lair:4:   layout_loops_ring, guppyfry_lair_drakes, grunt_megastairs_3,
          lemuel_fruit_tree
Lair:5:   hellmonk_lair_end_abyssal_woods, layout_hall_layers, slime_entry_1,
          gammafunk_ghost_berserking_beasts, grunt_forest_small_clearings,
          serial_bayou_shore_b
Shoals:1: layout_shoals
Shoals:2: cheibrodos_shoals_gigantism, layout_shoals, serial_shops, shop,
          nicolae_shop_firing_range
Shoals:3: layout_shoals, serial_shops, nicolae_shop_trees
Shoals:4: shoals_end_simple, layout_shoals, serial_shops, shop,
          nicolae_shoals_square_sea_wall
Snake:1:  gammafunk_sealed_library, layout_layer_cave, drop_trap,
          hangedman_venom_bottle
Snake:2:  layout_rooms
Snake:3:  layout_misc_corridors, grunt_ministairs_5, nicolae_snake_horde_hoard,
          grunt_megastairs_2, minmay_shoptagon, uniq_vashnia
Snake:4:  johnstein_snake_rune_scales, layout_cave_town, drop_trap,
          serial_bayou_shore_b, uniq_aizul, uniq_asterion
Slime:1:  layout_caves
Slime:2:  layout_caves, nicolae_slime_crime_time
Slime:3:  layout_caves, nicolae_slime_phagocytosis
Slime:4:  layout_caves
Slime:5
Orc:1:    layout_diamond_mine, basic_altar, serial_shops, shop_fountains,
          nicolae_orc_rockfall, elf_legates, uniq_sonja
Orc:2:    grunt_orc_cross, layout_caves, lightli_volcano_entry_magma_tube
Elf:1:    layout_gridlike, basic_altar, serial_shops, shop_coins,
          hangedman_elven_crosses_minicolossus, st_stairs_13,
          grunt_megastairs_1, uniq_azrael
Elf:2:    elven_hall_of_blades_hangedman_alternative
          [nicolae_blade_entry_sentries_behind_glass], layout_geoelf_grid
Elf:3:    minmay_elf_hall, layout_onion_city, ebering_ghost_xom,
          chequers_big_river
Vaults:1: vaults_room_grunt_arrival_ludios, nicolae_vaults_network_s,
          hangedman_vaults_trim, grunt_vaults_twisty, dpeg_vaults_monster_row,
          vaults_standard_mumra_x, st_spiral_rooms,
          nicolae_vaults_ring_of_whatevers, nicolae_vaults_back_hallway,
          v_misc_14, layout_vaults_omnibox
Vaults:2: nicolae_vaults_alarming, gammafunk_sealed_arena,
          ontoclasm_vaults_misaligned, nicolae_vaults_little_squares_4,
          minmay_crypt_entry_simple_box, vaults_mumra_lcd, vaults_room_corners,
          v_misc_32, vaults_dpeg_diagonal, layout_vaults_omnigrid
Vaults:3: v_alt_pattern_5, nicolae_vaults_windows_and_doors_thing, v_misc_17,
          nicolae_vaults_quartermaster, nicolae_vaults_big_angled_halls,
          serial_ice_b, ontoclasm_vaults_shuriken, vaults_mumra_hexcomb,
          nicolae_vaults_border_crossing, hangedman_vaults_cutoff,
          nicolae_vaults_little_squares_3, v_alt_pattern_2,
          vaults_dpeg_emergency_exit, layout_vaults_omnicross, serial_shops,
          nicolae_shop_trees, shop, nicolae_shop_advertising_works
          [nicolae_subvault_shop_adworks], nicolae_shop_hallway_plus, shop
Vaults:4: ebering_ghost_disaster_area, nicolae_vaults_little_squares_3,
          v_pattern_2, v_misc_17, ontoclasm_vaults_spin,
          ontoclasm_vaults_claustrophobia, nicolae_vaults_ninety_degrees,
          nicolae_vaults_network_quinsquares
          [nicolae_vaults_network_quincunx_subvault,
          nicolae_vaults_network_quincunx_subvault,
          nicolae_vaults_network_quincunx_subvault,
          nicolae_vaults_network_quincunx_subvault], hangedman_vaults_stream,
          v_misc_16, vaults_room_hangedman_quadrants, vaults_room_door_ring,
          layout_vaults_ring, serial_shops, nicolae_shop_statue_plus
Vaults:5: uniq_xtahua
Crypt:1:  layout_chaotic_city, grunt_crypt_arrival_guarded_gate
Crypt:2:  layout_gridlike, nicolae_crypt_knee_deep_in_the_dead, uniq_bai_suzhen
Crypt:3:  due_elkab, layout_chaotic_city, tomb_entry_shell_bobbens,
          minivault_24, uniq_khufu
Tomb:1
Depths:1: layout_basic, minmay_holes, grunt_mini_vestibule, hellmonk_scarab_ruin
Depths:2: minmay_box_of_curves, layout_gridlike, enter_ziggurat_f, pan_entry,
          pf_hell_entry_tar_river, serial_shops, nicolae_shop_trees,
          infiniplex_staircase_pool_1
Depths:3: kennysheep_windowed_halls, layout_basic,
          chequers_serial_rivers_micro_d, abyss_entry, hell_entry,
          infiniplex_staircase_pool_lava
Depths:4: evilmike_zot_entry_diamond, layout_long_grid, hellmouth_3,
          grunt_gozag_breadcrumbs
Hell
Coc:1:    layout_cocytus_water_paths
Tar:1:    nicolae_tar_honey_stairs, layout_cathedral_of_symmetry
Tar:2:    layout_grid_maze
Tar:3:    layout_honeycomb
Zot:1:    layout_cathedral_of_symmetry, st_stairs_2, nicolae_rock_paper_scissors
Zot:2:    layout_gridlike, nzn_ghost_randoct, lemuel_lake_of_fire
Zot:3:    layout_basic
Zot:4:    dreamdust_zin_vs_xom, layout_onion_interference, grunt_megastairs_4
Zot:5:    layout_gridlike, grunt_ministairs_9, st_stairs_14, skrybe_zot_glass_1

Skill      XL: |  1  2  3  4  5  6  7  8  9 10 11 12 13 14 15 16 17 18 19 20 21 22 23 24 25 26 27 |
---------------+----------------------------------------------------------------------------------+-----
Axes           | 4 5 6 8 9 11 12 14 16 18 19 20 21 22 23 24 25 27 | 27.0
Fighting       | 4 5 7 8 9 10 11 13 15 16 17 18 19 20 21 23 25 27 | 27.0
Armour         | 3 4 5 6 8 10 11 12 14 15 16 17 18 19 21 24 27 | 27.0
Throwing       | 1 2 3 5 6 7 12 | 12.3
Dodging        | 3 4 5 6 7 8 9 10 11 13 15 19 | 19.5
Shields        | 1 3 4 5 6 8 9 11 14 18 22 24 26 27 | 27.0
Stealth        | 1 2 3 4 5 6 9 12 | 12.0
Evocations     | 2 4 5 6 7 8 9 12 16 22 | 22.8

Action                     |  1- 3 |  4- 6 |  7- 9 | 10-12 | 13-15 | 16-18 | 19-21 | 22-24 | 25-27 || total
---------------------------+-------+-------+-------+-------+-------+-------+-------+-------+-------++-------
  Melee: Hand axe          |    61 |   160 |   271 |       |       |       |       |       |       ||   492
         Headbutt          |    10 |    26 |    54 |    77 |   214 |   299 |   291 |   249 |   399 ||  1619
         Punch             |       |     2 |     1 |     3 |    17 |       |       |       |       ||    23
         War axe           |       |       |    32 |   150 |       |       |       |       |       ||   182
         Broad axe         |       |       |       |   234 |   847 |  1123 |  1080 |   844 |  1509 ||  5637
  Throw: Javelin           |    21 |     4 |    10 |    27 |       |     2 |     3 |       |    20 ||    87
         Throwing net      |       |       |       |     8 |     2 |       |     2 |       |       ||    12
         Boomerang         |       |       |       |       |    27 |    26 |    42 |       |       ||    95
 Invoke: Berserk           |     2 |     7 |     8 |    11 |    15 |    14 |    11 |    11 |    23 ||   102
         Brothers in Arms  |       |       |     1 |     5 |    11 |     8 |    12 |    12 |    28 ||    77
         Trog's Hand       |       |       |       |     2 |     2 |     1 |       |     2 |     3 ||    10
  Evoke: Wand              |       |     2 |    20 |    60 |    38 |    35 |    17 |    10 |    63 ||   245
         Lightning rod     |       |       |       |       |    12 |    20 |    20 |     4 |    19 ||    75
         Tin of tremorston |       |       |       |       |       |     8 |     3 |     4 |     4 ||    19
         Phantom mirror    |       |       |       |       |       |       |     1 |     4 |     4 ||     9
         Phial of floods   |       |       |       |       |       |       |     1 |     1 |     5 ||     7
         Condenser vane    |       |       |       |       |       |       |       |     4 |     5 ||     9
         Horn of Geryon    |       |       |       |       |       |       |       |       |    14 ||    14
         Box of beasts     |       |       |       |       |       |       |       |       |     4 ||     4
    Use: Scroll            |    10 |     9 |     7 |     6 |    15 |     9 |    11 |    11 |    15 ||    93
         Potion            |       |       |       |     1 |     4 |     2 |     6 |     8 |    21 ||    42
   Stab: Held in net/web   |       |       |       |     3 |       |       |       |       |       ||     3
         Sleeping          |       |       |       |     2 |       |       |       |       |       ||     2
         Distracted        |       |       |       |       |     2 |     3 |       |     1 |     9 ||    15
         Confused          |       |       |       |       |       |       |       |     2 |       ||     2
         Invisible         |       |       |       |       |       |       |       |       |     4 ||     4
 Armour: Scale mail        |    25 |    48 |    41 |   124 |   248 |       |       |       |       ||   486
         Chain mail        |       |     7 |    61 |       |       |       |       |       |       ||    68
         Plate armour      |       |       |       |       |   122 |   401 |   278 |   298 |   608 ||  1707
  Dodge: Dodged            |    52 |   142 |   207 |   319 |   545 |   220 |   232 |   234 |   658 ||  2609
  Block: Other             |       |       |    66 |    96 |   137 |       |       |       |       ||   299
         Reflection        |       |       |       |     5 |     8 |   271 |   173 |   130 |    56 ||   643
         Tower shield      |       |       |       |       |   273 |  2229 |  1662 |  1481 |  3000 ||  8645

Table legend: (Time is in decaauts)
 A = Elapsed time spent in this place.
 B = Non-inter-level travel time spent in this place.
 C = Inter-level travel time spent in this place.
 D = Time resting spent in this place.
 E = Time spent auto-exploring this place.
 F = Levels seen in this place.
 G = Mean time per level.
                   A        B        C        D        E       F      G
               +--------+--------+--------+--------+--------+-----+--------+
         Total | 123782 | 114409 |   9373 |  55787 |  27051 |  78 | 1586.9 |
       Dungeon |  25053 |  21187 |   3866 |   7519 |   8618 |  15 | 1670.2 |
          Lair |   8863 |   7608 |   1255 |   2674 |   3216 |   5 | 1772.6 |
        Shoals |   7119 |   7043 |     76 |   2963 |   1425 |   4 | 1779.8 |
     Snake Pit |  15256 |  14739 |    517 |  10022 |   1791 |   4 | 3814.0 |
    Slime Pits |   2328 |   2274 |     54 |   1551 |     27 |   5 |  465.6 |
  Orcish Mines |   4121 |   3914 |    207 |   2055 |    874 |   2 | 2060.5 |
   Elven Halls |   6860 |   6578 |    282 |   2724 |   1248 |   3 | 2286.7 |
        Vaults |  14123 |  13276 |    847 |   6183 |   4140 |   5 | 2824.6 |
         Crypt |   6382 |   5890 |    492 |   2786 |    718 |   3 | 2127.3 |
          Tomb |   3625 |   3512 |    113 |   2489 |    116 |   1 | 3625.0 |
        Depths |   7715 |   6579 |   1136 |   2328 |   2240 |   4 | 1928.8 |
          Hell |   1283 |   1263 |     20 |    515 |    164 |   1 | 1283.0 |
       Cocytus |      3 |      3 |      0 |      0 |      0 |   1 |    3.0 |
      Tartarus |   2518 |   2481 |     37 |   1614 |    245 |   3 |  839.3 |
           Zot |  14011 |  13545 |    466 |   7679 |   2109 |   5 | 2802.2 |
         Abyss |    575 |    575 |      0 |     70 |     74 |   5 |  115.0 |
      Ziggurat |   2405 |   2405 |      0 |   1926 |      0 |  10 |  240.5 |
         Sewer |    546 |    546 |      0 |    117 |     25 |   1 |  546.0 |
       Ossuary |    988 |    988 |      0 |    568 |     21 |   1 |  988.0 |
               +--------+--------+--------+--------+--------+-----+--------+

Top non-repeatable levels by time:
 Snake:2: 5828 daAuts
Vaults:4: 5095 daAuts
   Zot:5: 4761 daAuts
  Lair:5: 3922 daAuts
    D:15: 3818 daAuts
 Snake:3: 3749 daAuts
  Tomb:1: 3625 daAuts
   Zot:3: 3303 daAuts
 Snake:1: 3094 daAuts
    D:12: 2916 daAuts
   Zot:1: 2761 daAuts
 Crypt:3: 2721 daAuts
   Elf:3: 2699 daAuts
Depths:2: 2666 daAuts
Shoals:4: 2638 daAuts
